 Seeded DCSS version 0.30-a0-1124-g6e8f0f562f (webtiles) character file.

Game seed: 7516547612963194402 (custom seed)

284 Esekla the Covert (level 6, -1/43 HPs)
             Began as an Octopode Delver on Apr 24, 2023.
             Slain by a gnoll
             ... wielding a +2 flail of protection
              (6 damage)
             ... on level 6 of the Dungeon.
             The game lasted 00:03:17 (283 turns).

Esekla the Covert (Octopode Delver)                  Turns: 283, Time: 00:03:17

Health: -1/43      AC:  8    Str: 11    XL:     6   Next: 29%
Magic:  6/8        EV: 13    Int: 16    God:
Gold:   23         SH:  0    Dex: 14    Spells: 7/7 levels left

rFire   . . .        c - +10 rapier "Bantaost" {protect, Fly Will+ Int+2}
rCold   . . .        (no shield)
rNeg    + . .        (helmet restricted)
rPois   .            (no amulet)
rElec   .            k - ring of positive energy
rCorr   .            (no ring)
SInv    .            (no ring)
Will    +....        (no ring)
Stlth   +++++        (no ring)
HPRegen 0.27/turn    (no ring)
MPRegen 0.11/turn    (no ring)
                     (no ring)

%: no passive effects
@: under a protective aura, flying
A: almost no armour, amphibious, 8 rings, camouflage 1, gelatinous body 1,
(nimble swimmer 1), tentacles
a: no special abilities


You were on level 6 of the Dungeon.
You visited 1 branch of the dungeon, and saw 2 of its levels.

You collected 23 gold pieces.

Inventory:

Hand Weapons
 a - a +0 falchion
 c - the +10 rapier "Bantaost" (weapon) {protect, Fly Will+ Int+2}
   (You found it on level 5 of the Dungeon)

   Int:       It affects your intelligence (+2).
   Fly:       It grants you flight.
   Will:      It increases your willpower.
Jewellery
 k - a ring of positive energy (left tentacle)
Wands
 f - a wand of digging (3)
Scrolls
 b - 2 scrolls of fog
 d - 2 scrolls of fear
 h - 3 scrolls of teleportation {unknown}
 i - a scroll of blinking {unknown}
 l - 2 scrolls of acquirement {unknown}
 m - a scroll of noise {unknown}
Potions
 e - a potion of haste
 g - a potion of cancellation {unknown}
 j - a potion of attraction {unknown}


   Skills:
 * Level 3.9 Fighting
 + Level 0.9(2.1) Short Blades
 * Level 2.9(3.0) Long Blades
 * Level 2.8 Dodging
 + Level 8.7 Stealth
 * Level 1.4 Spellcasting


You had 7 spell levels left.
You didn't know any spells.
Your spell library was empty.

Dungeon Overview and Level Annotations

Branches:
Dungeon (6/15)
 Temple: D:4-7

Altars:
Fedhas
Makhleb
Nemelex Xobeh
Uskayaw
Vehumet


Innate Abilities, Weirdness & Mutations

You cannot wear most types of armour.
You are amphibious.
You can wear up to eight rings at the same time.
Your skin changes colour to match your surroundings (Stealth+).
Your rubbery body absorbs attacks. (AC +1, EV +1)
((You are camouflaged when in or above water. (Stealth+)))
You have tentacles for arms and can constrict up to eight enemies at once.


Message History

The kobold brigand is heavily wounded.
You constrict the kobold.
You kill the kobold!
An adder comes into view.
The kobold hits you but does no damage. The kobold brigand closely misses you.
The kobold barely misses you.
You puncture the kobold brigand! You grab the kobold brigand.
The kobold brigand is almost dead.
You constrict the kobold brigand, but do no damage.
The kobold barely misses you. The kobold completely misses you.
The kobold brigand hits you with a +0 whip!
You puncture the kobold!
You kill the kobold!
You constrict the kobold brigand. The kobold misses you.
The kobold brigand hits you with a +0 whip.
* * * LOW HITPOINT WARNING * * *
You hit the gnoll. Your grab misses the gnoll.
The gnoll is moderately wounded.
You constrict the kobold brigand.
You kill the kobold brigand!
The kobold misses you. The gnoll hits you but does no damage.
You have reached level 6!
You hit the gnoll but do no damage. You grab the gnoll.
You squeeze the gnoll, but do no damage.
The gnoll is moderately wounded.
You constrict the gnoll. The kobold hits you but does no damage.
The kobold barely misses you. The gnoll misses you.
You puncture the kobold!
You kill the kobold!
You constrict the gnoll, but do no damage.
The kobold barely misses you.
The gnoll hits you with a +2 flail of protection!
* * * LOW HITPOINT WARNING * * *
The adder bites you but does no damage.
You puncture the adder!
You kill the adder!
You constrict the gnoll. The kobold hits you but does no damage.
An iguana comes into view.
The gnoll hits you with a +2 flail of protection.
You die...

.#. ........## .
... .... ....# .#
.# #....#....##.# l
.## .#..... ......
..
..###........##...#
... ......# #.
##....###..#
#.....#
#.##.........# ...#
#.......)g...#..
†######
#.....#.@)......
...##.#
##...####K......
#.....####....#
.......
.......#.....##
...#.#.
.....#.......# ..##
# #.#####.....##
.## ### #...### ##
##...# #...#


You could see an iguana (wandering), a gnoll and a kobold.

Vanquished Creatures
  A sky beast (D:6)
  A kobold brigand (D:6)
  A scorpion (D:6)
  2 iguanas (D:6)
  2 adders (D:6)
  An orc (D:6)
  4 kobolds (D:6)
12 creatures vanquished.

Notes
Turn   | Place    | Note
-------+----------+-------------------------------------------
     0 | D:5      | Esekla the Octopode Delver began the quest for the Orb.
     0 | D:5      | Reached XP level 1. HP: 16/16 MP: 1/1
     2 | D:5      | Noticed a lemure
    21 | D:5      | Noticed a water moccasin
    30 | D:5      | Found a burning altar of Makhleb.
    32 | D:5      | Found a hide-covered altar of Uskayaw.
    34 | D:5      | Found a radiant altar of Vehumet.
    34 | D:5      | Found a blossoming altar of Fedhas.
    35 | D:5      | Found a sparkling altar of Nemelex Xobeh.
    39 | D:5      | Identified the +10 rapier "Bantaost" {protect, Fly Will+
                  | Int+2}
    43 | D:5      | Noticed an ogre
   134 | D:6      | Reached skill level 7 in Stealth
   134 | D:6      | Reached XP level 2. HP: 21/21 MP: 2/2
   138 | D:6      | Noticed a scorpion
   146 | D:6      | Killed a scorpion
   147 | D:6      | Reached XP level 3. HP: 26/26 MP: 3/3
   147 | D:6      | Reached XP level 4. HP: 31/31 MP: 4/4
   253 | D:6      | Reached skill level 8 in Stealth
   253 | D:6      | Reached skill level 1 in Spellcasting
   253 | D:6      | Reached XP level 5. HP: 36/36 MP: 6/6
   260 | D:6      | Noticed a sky beast
   264 | D:6      | Killed a sky beast
   269 | D:6      | Noticed a kobold brigand
   280 | D:6      | Killed a kobold brigand
   281 | D:6      | Reached XP level 6. HP: 13/43 MP: 6/8
   283 | D:6      | Slain by a gnoll

Illustrated notes

Levels and vault maps discovered:
D:5:      layout_loops_ring, grunt_temple_overflow_open, uniq_blork_the_orc,
          uniq_pikel
D:6:      layout_cave_pools, nicolae_ossuary_entry_catacombs

Skill      XL: |  1  2  3  4 |
---------------+-------------+-----
Stealth        | 7 8 |  8.7
Spellcasting   | 1 |  1.4
Fighting       | |  3.9
Short Blades   | |  0.9
Long Blades    | |  2.9
Dodging        | |  2.8

Action                     |  1- 3 |  4- 6 || total
---------------------------+-------+-------++-------
  Melee: Rapier            |     3 |    17 ||    20
         Constrict         |     1 |     3 ||     4
         Tentacles         |       |     4 ||     4
    Use: Scroll            |     1 |       ||     1
   Stab: Sleeping          |     1 |     3 ||     4
 Armour: Skin              |       |    10 ||    10
  Dodge: Dodged            |     1 |    20 ||    21

Table legend: (Time is in decaauts)
 A = Elapsed time spent in this place.
 B = Non-inter-level travel time spent in this place.
 C = Inter-level travel time spent in this place.
 D = Time resting spent in this place.
 E = Time spent auto-exploring this place.
 F = Levels seen in this place.
 G = Mean time per level.
                   A        B        C        D        E       F      G
               +--------+--------+--------+--------+--------+-----+--------+
         Total |    284 |    284 |      0 |      0 |      0 |   2 |  142.0 |
       Dungeon |    284 |    284 |      0 |      0 |      0 |   2 |  142.0 |
               +--------+--------+--------+--------+--------+-----+--------+

Top non-repeatable levels by time:
     D:6: 172 daAuts
     D:5: 111 daAuts
